 Dungeon Crawl Stone Soup version 0.22.1-6-g1668fe2 (webtiles) character file.

1271 redwoodhats the Cudgeler (level 8, 52/71 HPs)
             Began as a Troll Fighter on Jan 29, 2019.
             Was an Initiate of Hepliaklqana.
             Starved to death
             ... while paralysed
             ... on level 7 of the Dungeon.
             The game lasted 00:28:37 (6060 turns).

redwoodhats the Cudgeler (Troll Fighter)            Turns: 6060, Time: 00:28:38

Health: 52/71      AC:  5    Str: 25    XL:     8   Next: 28%
Magic:  7/7        EV:  1    Int:  5    God:    Hepliaklqana [......]
Gold:   417        SH:  0    Dex: 10    Spells: 7/7 levels left

rFire    . . .     SeeInvis .   q - +0 flail (crush)
rCold    . . .     Gourm    +   c - +2 shield
rNeg     . . .     Faith    .   b - +0 robe
rPois    .         Spirit   .   (helmet restricted)
rElec    .         Reflect  .   (no cloak)
rCorr    .         Harm     .   (gloves unavailable)
MR       .....                  (boots unavailable)
Stlth    +.........             (no amulet)
HPRegen  0.61/turn              (no ring)
MPRegen  0.10/turn              (no ring)

@: paralysed, fainting
A: large, unfitting armour, reduced essence, claws 3, fast metabolism 3,
gourmand, regeneration 1, shaggy fur 1, tough skin 2
a: Recall Ancestor, Ancestor Identity, Renounce Religion


You were on level 7 of the Dungeon.
You worshipped Hepliaklqana.
Hepliaklqana was noncommittal.
You were fainting.

You visited 1 branch of the dungeon, and saw 6 of its levels.

You collected 417 gold pieces.

Inventory:

Hand Weapons
 a - a +1 flail
 d - a cursed +4 long sword
 f - a +2 trident of piercing
 i - a +0 long sword
 k - a cursed -1 hand axe
 l - a cursed +4 falchion
 m - a cursed +2 mace
 n - a +3 halberd
 q - a +0 flail of crushing (weapon)
Missiles
 p - 7 tomahawks (quivered)
 t - 8 javelins
Armour
 b - a +0 robe (worn)
 c - a +2 shield (worn)
Wands
 g - a wand of enslavement (17)
Scrolls
 e - 5 scrolls of teleportation
 h - a scroll of fog
 s - a scroll of identify
Potions
 j - 4 potions of heal wounds
 o - 2 potions of ambrosia
 u - a potion of brilliance


   Skills:
 + Level 4.3 Fighting
 + Level 5.8 Maces & Flails
 + Level 4.7 Dodging
 + Level 0.3 Stealth
 + Level 4.2 Shields


You had 7 spell levels left.
You didn't know any spells.
Your spell library was empty.

Dungeon Overview and Level Annotations

Branches:
Dungeon (5/15)             Temple (0/1) D:7

Altars:
Hepliaklqana
Sif Muna
Xom
Zin

Shops:
D:5 (=*}[


Innate Abilities, Weirdness & Mutations

You are too large for most types of armour.
You have claws for hands.
Your metabolism is lightning-fast.
You like to eat raw meat.
Your natural rate of healing is unusually fast.
You are covered in fur. (AC +1)
You have very tough skin. (AC +2)
Your life essence is reduced to manifest your ancestor. (-10% HP)


Message History

You kill the water moccasin!
You feel sick.
You see here a water moccasin corpse.
The water moccasin corpse isn't edible.
You aren't carrying any food.
You feel sick.
You feel sick.
You feel sick.
You lose consciousness!
You feel sick.
You feel sick.
You can move again.
You feel sick.
Found a scroll of fog.
You lose consciousness!
You feel sick.
You feel sick.
You are no longer poisoned.
You have starved to death.
You die...

.. #. # #. ###
###.#.#..#
...#.?.. .....
#..######.##
#.@........
##.######.
#.#.....
#.#.##.##########
#.#.##...........
#.#..............
#................
#................
#...[..†.........


There were no monsters in sight!

Vanquished Creatures
  Grinder (D:4)
  Edmund (D:4)
  A water moccasin (D:7)
  An orc warrior (D:5)
  A sky beast (D:4)
  A phantom (D:4)
  A centaur (D:5)
  4 wights (D:4)
  2 howler monkeys (D:5)
  A hound (D:4)
  An orc priest (D:3)
  3 worker ants
  2 adders (D:3)
  An ooze (D:1)
  An adder skeleton (D:4)
  3 worms (D:3)
  A dart slug (D:3)
  7 leopard geckos
  12 orcs
  4 ball pythons
  3 bats
  5 giant cockroaches
  5 hobgoblins
  2 jackals (D:3)
  6 frilled lizards
  4 goblins
  A jackal skeleton (D:4)
  8 kobolds
  A quokka skeleton (D:5)
  3 rats
87 creatures vanquished.

Vanquished Creatures (collateral kills)
  An orc (D:5)
  A giant cockroach (D:5)
  A quokka (D:5)
3 creatures vanquished.

Vanquished Creatures (others)
  An ancestor (D:5)
1 creature vanquished.

Grand Total: 91 creatures vanquished

Notes
Turn   | Place    | Note
-------+----------+-------------------------------------------
     0 | D:1      | redwoodhats the Troll Fighter began the quest for the Orb.
     0 | D:1      | Reached XP level 1. HP: 22/22 MP: 0/0
   184 | D:1      | Reached XP level 2. HP: 28/29 MP: 1/1
   988 | D:2      | Found a glowing silver altar of Zin.
  1460 | D:2      | Reached XP level 3. HP: 33/36 MP: 2/2
  1840 | D:3      | Reached skill level 2 in Maces & Flails
  1977 | D:3      | Reached XP level 4. HP: 44/44 MP: 3/3
  2404 | D:3      | Reached XP level 5. HP: 51/53 MP: 4/4
  2464 | D:3      | Reached skill level 3 in Maces & Flails
  2675 | D:3      | Found a hazy altar of Hepliaklqana.
  2879 | D:4      | Noticed Grinder
  2881 | D:4      | Found a shimmering altar of Xom.
  2896 | D:4      | Killed Grinder
  2896 | D:4      | Reached skill level 4 in Maces & Flails
  2896 | D:4      | Reached XP level 6. HP: 27/61 MP: 5/5
  2963 | D:4      | Found a deep blue altar of Sif Muna.
  3077 | D:4      | Noticed Edmund
  3085 | D:4      | Killed Edmund
  3114 | D:4      | Reached XP level 7. HP: 45/67 MP: 6/6
  3117 | D:4      | Reached skill level 5 in Maces & Flails
  4008 | D:5      | Entered Level 5 of the Dungeon
  4200 | D:5      | Found Wiryun's General Store.
  4348 | D:3      | Became a worshipper of Hepliaklqana the Forgotten
  4470 | D:5      | Found Xabaa's Jewellery Boutique.
  4573 | D:5      | Found Buth's Weapon Boutique.
  4585 | D:5      | Reached XP level 8. HP: 70/70 MP: 7/7
  4780 | D:5      | Found Zufayri's Antique Armour Boutique.
  5262 | D:2      | You fall through a shaft!
  5825 | D:5      | Found Jaxkei's Gadget Shop.
  6021 | D:5      | You fall through a shaft for 2 floors!
  6021 | D:7      | Found a staircase to the Ecumenical Temple.
  6042 | D:7      | Paralysed by fainting for 6 turns
  6054 | D:7      | Paralysed by fainting for 7 turns
  6060 | D:7      | Starved to death

Skill      XL: |  1  2  3  4  5  6  7  8 |
---------------+-------------------------+-----
Maces & Flails | 2 4 5 |  5.8
Dodging        | 3 4 |  4.7
Shields        | 3 4 |  4.2
Fighting       | 3 4 |  4.3
Stealth        | |  0.3

Action                   |  1- 3 |  4- 6 |  7- 9 || total
-------------------------+-------+-------+-------++-------
Melee: Flail             |   118 |   129 |   124 ||   371
Invok: Recall Ancestor   |       |       |     1 ||     1
       Ancestor Identity |       |       |     1 ||     1
  Use: Scroll            |     6 |     3 |     4 ||    13
       Potion            |     2 |     2 |     4 ||     8
  Eat: Ration            |     3 |       |     4 ||     7
       Chunk             |     8 |     9 |    10 ||    27
Armor: Robe              |    47 |    26 |    28 ||   101
Dodge: Dodged            |    42 |    49 |    32 ||   123
Block: Shield            |    69 |    73 |    69 ||   211
